 Dungeon Sprint DCSS version 0.19-a0-1401-g902f63d (webtiles) character file.

106 poirepourri the Thaumaturge (level 4, -3/24 HPs)
             Began as a Deep Elf Fire Elementalist on Sept 4, 2016.
             Slain by Sigmund
             ... wielding a +4 scythe of freezing
              (6 damage)
             ... in the Dungeon (Sprint I: "Red Sonja").
             The game lasted 00:00:56 (514 turns).

poirepourri the Thaumaturge (DEFE)                   Turns: 514, Time: 00:00:57

Health: -3/24      AC:  2    Str:  5    XL:     4   Next: 55%
Magic:  5/16       EV: 13    Int: 21    God:
Gold:   54         SH:  0    Dex: 15    Spells: 5 memorised, 7 levels left

rFire  . . .     SeeInvis .     (no weapon)
rCold  . . .     Gourm    .     a - +0 robe
rNeg   . . .     Faith    .     (no shield)
rPois  .         Spirit   .     (no helmet)
rElec  .         Dismiss  .     (no cloak)
rCorr  .         Reflect  .     (no gloves)
MR     .....     Harm     .     (no boots)
Stlth  ++........ NoTele   +    (no amulet)
                                (no ring)
                                (no ring)

@: no status effects
A: no striking features
a: no special abilities


You were in the Dungeon.
You were not hungry.

You visited 1 branch You collected 54 gold pieces.

Inventory:

Armour
 a - a +0 robe (worn)
Scrolls
 i - a scroll of blinking
Potions
 d - a potion of curing
 e - a potion of heal wounds
 f - a potion of haste
 g - 2 potions of magic
 h - a potion of berserk rage
 j - a potion of flight {unknown}
Books
 b - a book of Flames

   Spells                             Type                      Level
   a - Flame Tongue                   Conjuration/Fire             1
   b - Throw Flame                    Conjuration/Fire             2
   c - Conjure Flame                  Conjuration/Fire             3
   d - Inner Flame                    Hexes/Fire                   3
   e - Sticky Flame                   Conjuration/Fire             4
   f - Fireball                       Conjuration/Fire             5
Comestibles
 c - a bread ration


   Skills:
 - Level 2.4 Dodging
 - Level 2.4 Stealth
 * Level 8.7 Spellcasting
 + Level 2.1 Conjurations
 + Level 7.6 Fire Magic


You had 7 spell levels left.
You knew the following spells:

 Your Spells              Type           Power        Failure   Level  Hunger
a - Flame Tongue          Conj/Fire      ####.        1%          1    None
b - Throw Flame           Conj/Fire      ####..       1%          2    None
c - Conjure Flame         Conj/Fire      ####....     2%          3    None
d - Inner Flame           Hex/Fire       ####....     4%          3    None
e - Sticky Flame          Conj/Fire      ####....     12%         4    ###....


Dungeon Overview and Level Annotations

Branches:
Dungeon (1/1)

Altars:

Annotations:
D Sigmund


Message History

The flame tongue hits Sigmund.
Sigmund is lightly wounded.
Sigmund hits you from afar with a scythe of freezing.
* * * LOW HITPOINT WARNING * * *
Sigmund freezes you.
* * * LOW HITPOINT WARNING * * *
Casting: Flame Tongue
Confirm with . or Enter, or press ? or * to list all spells.
Aiming: Throw Flame
Press: ? - help, Shift-Dir - straight line, f/p - Sigmund
Aim: Sigmund, wielding a scythe of freezing and wearing a robe (lightly wounded)
The puff of flame misses Sigmund.
Casting: Throw Flame
Confirm with . or Enter, or press ? or * to list all spells.
Aiming: Throw Flame
Press: ? - help, Shift-Dir - straight line, f/p - Sigmund
Aim: Sigmund, wielding a scythe of freezing and wearing a robe (lightly wounded)
The puff of flame misses Sigmund.
Sigmund hits you from afar with a scythe of freezing.
You die...

##########
#<.#.@§§.#
#..)..#@.'..#
#..#####'####
#..# #..#
#..# ####
#..# #⌠⌠#
####


You could see Sigmund.

Vanquished Creatures
  An ogre (D)
  Ijyb (D)
2 creatures vanquished.

Notes
Turn   | Place    | Note
-------+----------+-------------------------------------------
     0 | D        | poirepourri the Deep Elf Fire Elementalist began the quest for the Orb.
     0 | D        | Reached XP level 1. HP: 10/10 MP: 6/6
     3 | D        | Noticed Ijyb
    14 | D        | Killed Ijyb
    14 | D        | Reached skill level 6 in Spellcasting
    14 | D        | Reached skill level 5 in Fire Magic
    14 | D        | Reached XP level 2. HP: 14/15 MP: 0/11
   276 | D        | Noticed an ogre
   283 | D        | Killed an ogre
   283 | D        | Reached skill level 8 in Spellcasting
   283 | D        | Reached XP level 3. HP: 7/19 MP: 4/15
   283 | D        | Reached XP level 4. HP: 8/24 MP: 4/16
   478 | D        | Learned a level 2 spell: Throw Flame
   482 | D        | Learned a level 3 spell: Conjure Flame
   486 | D        | Learned a level 3 spell: Inner Flame
   491 | D        | Learned a level 4 spell: Sticky Flame
   507 | D        | Noticed Sigmund
   514 | D        | Slain by Sigmund

Vault maps used:
D:        dungeon_sprint_1

Skill      XL: |  1  2 |
---------------+-------+-----
Spellcasting   | 6 8 |  8.7
Fire Magic     | 5 7 |  7.6
Conjurations   | 2 |  2.1
Dodging        | |  2.4
Stealth        | |  2.4

Action                   |  1- 3 |  4- 6 || total
-------------------------+-------+-------++-------
 Cast: Flame Tongue      |    12 |     2 ||    14
       Conjure Flame     |       |     2 ||     2
       Throw Flame       |       |     2 ||     2
Dodge: Dodged            |     5 |       ||     5
